 Dungeon Crawl Stone Soup version 0.30-a0-335-ge5acde7520 (webtiles) character file.

Game seed: 17530565513086382405

349 billz999 the Shooter (level 6, -1/56 HPs)
             Began as a Minotaur Hunter on Oct 31, 2022.
             Was a Priest of Fedhas.
             Slain by an orc
             ... wielding a +0 hand axe
              (5 damage)
             ... on level 4 of the Dungeon.
             The game lasted 00:05:58 (2116 turns).

billz999 the Shooter (Minotaur Hunter)              Turns: 2116, Time: 00:05:59

Health: -1/56      AC: -8    Str: 15    XL:     6   Next: 33%
Magic:  14/14      EV: 12    Int:  6    God:    Fedhas [***...]
Gold:   33         SH:  0    Dex: 16    Spells: 5/5 levels left

rFire   . . .      SeeInvis .    b - +3 quarterstaff (chaos)
rCold   . . .      Faith    .    (shield currently unavailable)
rNeg    . . .      Spirit   .    c - +0 leather armour
rPois   +          Reflect  .    (helmet restricted)
rElec   .          Harm     .    u - +0 cloak
rCorr   .          Rampage  .    (no gloves)
Will    .....                    (no boots)
Stlth   +.........               (no amulet)
HPRegen 0.29/turn                q - ring of magical power
MPRegen 0.14/turn                k - ring of poison resistance

@: mighty, corroded, flying, hasted, very quick
A: horns 2, retaliatory headbutt
a: Renounce Religion, Wall of Briars, Grow Ballistomycete


You were on level 4 of the Dungeon.
You worshipped Fedhas.
Fedhas was most pleased with you.
You visited 1 branch of the dungeon, and saw 4 of its levels.

You collected 115 gold pieces.
You spent 82 gold pieces at shops.

Inventory:

Hand Weapons
 a - a +0 shortbow
 b - a +3 quarterstaff of chaos (weapon)
 o - a +1 morningstar of holy wrath
Missiles
 r - a throwing net
Armour
 c - a +0 leather armour (worn)
 u - a +0 cloak (worn)
Jewellery
 k - a ring of poison resistance (right hand)
 q - a ring of magical power (left hand)
 x - the ring of Qung {Ice rPois rN++ Will+ Slay-4}
   (You found it on level 4 of the Dungeon)

   [ring of ice]

   It enhances your ice magic.
   Slay:      It affects your accuracy & damage with ranged weapons and melee
   (-4).
   rF:        It makes you vulnerable to fire.
   rC:        It protects you from cold.
   rPois:     It protects you from poison.
   rN:        It greatly protects you from negative energy.
   Will:      It increases your willpower.
Wands
 v - a wand of mindburst (4)
Scrolls
 d - 2 scrolls of poison
 f - a scroll of fear
 l - a scroll of vulnerability
 p - 3 scrolls of teleportation {unknown}
 t - 2 scrolls of immolation
 w - a scroll of blinking
Potions
 e - a potion of berserk rage {unknown}
 g - a potion of flight
 i - 3 potions of curing
 m - a potion of heal wounds {unknown}
 n - 2 potions of brilliance {unknown}
 s - 2 potions of mutation {unknown}


   Skills:
 + Level 5.0 Fighting
 * Level 7.4 Ranged Weapons
 - Level 2.1 Dodging
 - Level 0.7 Stealth


You had 5 spell levels left.
You didn't know any spells.
Your spell library was empty.

Dungeon Overview and Level Annotations

Branches:
Dungeon (4/15)
 Temple: D:4-7

Altars:
Fedhas

Shops:
D:3 ?


Innate Abilities, Weirdness & Mutations

You have a pair of horns on your head.
You reflexively headbutt those who attack you in melee.


Message History

The hound closely misses you. The hound bites you.
* * * LOW HITPOINT WARNING * * *
Aiming: Mindburst
Press: ? - help, Shift-Dir - straight line, f/p - hound
Aim: a hound (almost dead, chance to affect: 72%)
The hound's mind is blasted!
You blow up the hound!
Fedhas appreciates your contribution to the ecosystem.
You can now grow a ballistomycete.
You hear an angry hiss. x2
Your Fighting skill increases to level 5!
A goblin and a ball python come into view.
The goblin shouts!
The ball python closely misses you. You furiously retaliate!
You headbutt the ball python!
You kill the ball python!
Fedhas appreciates your contribution to the ecosystem.
Aiming: Mindburst
Press: ? - help, Shift-Dir - straight line, f - goblin
Aim: a goblin, wielding a +0 dagger (chance to affect: 79%)
The goblin's mind is blasted!
You blow up the goblin!
Fedhas appreciates your contribution to the ecosystem.
An orc comes into view. It is wielding a +0 hand axe.
It was a potion of haste.
You feel yourself speed up.
Okay, then.
You closely miss the orc. The orc hits you with a +0 hand axe.
* * * LOW HITPOINT WARNING * * *
Aiming: Mindburst
Press: ? - help, Shift-Dir - straight line, f - orc
Aim: an orc, wielding a +0 hand axe (chance to affect: 79%)
The orc barely resists.
You feel better. The orc hits you with a +0 hand axe.
* * * LOW HITPOINT WARNING * * *
Aiming: Mindburst
Press: ? - help, Shift-Dir - straight line, f/p - orc
Aim: an orc, wielding a +0 hand axe (chance to affect: 79%)
The orc barely resists.
The orc hits you with a +0 hand axe.
You die...
Fedhas appreciates your contribution to the ecosystem.

.#. #..# #
##.. #..##
### #..##
#..####..
#.)o
##......#
#..##
##..######
##..## ##.)##
#.#..###.$#.#
##o#..#..#.##
#@#.#...#.#.#
#############


You could see an orc.

Vanquished Creatures
  A scorpion (D:3)
  A hound (D:4)
  An iguana (D:4)
  Crazy Yiuf (D:3)
  Jessica (D:2)
  6 adders
  3 gnolls (D:3)
  2 dart slugs
  An orc (D:4)
  4 bats
  9 endoplasms
  4 giant cockroaches
  9 goblins
  5 hobgoblins
  8 jackals
  6 quokkas
  4 ball pythons
  4 frilled lizards
  3 kobolds
  6 rats
79 creatures vanquished.

Vanquished Creatures (collateral kills)
  A gnoll (D:3)
1 creature vanquished.

Grand Total: 80 creatures vanquished

Notes
Turn   | Place    | Note
-------+----------+-------------------------------------------
     0 | D:1      | billz999 the Minotaur Hunter began the quest for the Orb.
     0 | D:1      | Reached XP level 1. HP: 18/18 MP: 0/0
   282 | D:1      | Reached XP level 2. HP: 25/25 MP: 1/1
   289 | D:1      | Found a faded altar of an unknown god.
   321 | D:1      | Prayed at the altar of an unknown god.
   321 | D:1      | Became a worshipper of Fedhas Madash
   321 | D:1      | Reached * piety under Fedhas
   512 | D:1      | Reached skill level 5 in Ranged Weapons
   648 | D:2      | Reached XP level 3. HP: 29/31 MP: 2/2
   928 | D:2      | Reached XP level 4. HP: 34/38 MP: 3/3
   932 | D:2      | Reached ** piety under Fedhas
  1054 | D:2      | Noticed Jessica
  1059 | D:2      | Killed Jessica
  1060 | D:2      | Reached skill level 6 in Ranged Weapons
  1292 | D:3      | Reached XP level 5. HP: 37/46 MP: 4/4
  1468 | D:3      | Found a runed translucent door.
  1469 | D:3      | Noticed Crazy Yiuf
  1540 | D:3      | Killed Crazy Yiuf
  1741 | D:3      | Reached skill level 7 in Ranged Weapons
  1741 | D:3      | Found Hacvaih's Magic Scroll Shop.
  1751 | D:3      | Bought a scroll of blinking for 82 gold pieces
  1819 | D:3      | Reached XP level 6. HP: 53/53 MP: 5/5
  2056 | D:4      | Identified the ring of Qung {Ice rPois rN++ Will+ Slay-4}
  2091 | D:4      | HP: 2/55 [acid (8)]
  2105 | D:4      | Reached *** piety under Fedhas
  2106 | D:4      | Reached skill level 5 in Fighting
  2116 | D:4      | Slain by an orc

Illustrated notes

Levels and vault maps discovered:
D:1:      saegor_arrival_miasma, layout_basic,
          shapermc_ecumenical_altar_mp_ritualfount
D:2:      minmay_general_purpose_star, layout_rooms, uniq_jessica
D:3:      layout_rooms, serial_shops, shop_statue, uniq_crazy_yiuf_cottage
D:4:      minmay_diamond_boxcup, layout_loops_ring

Skill      XL: |  1  2  3  4  5  6 |
---------------+-------------------+-----
Ranged Weapons | 5 6 7 |  7.4
Fighting       | 3 4 5 |  5.0
Dodging        | |  2.1
Stealth        | |  0.7

Action                   |  1- 3 |  4- 6 || total
-------------------------+-------+-------++-------
Melee: Quarterstaff      |       |    16 ||    16
       Headbutt          |       |     4 ||     4
 Fire: Shortbow          |    91 |   106 ||   197
Invok: Wall of Briars    |       |     2 ||     2
Evoke: Wand              |       |     5 ||     5
  Use: Scroll            |       |     4 ||     4
       Potion            |       |     5 ||     5
Armor: Leather armour    |     4 |    16 ||    20
Dodge: Dodged            |    21 |    29 ||    50

Table legend: (Time is in decaauts)
 A = Elapsed time spent in this place.
 B = Non-inter-level travel time spent in this place.
 C = Inter-level travel time spent in this place.
 D = Time resting spent in this place.
 E = Time spent auto-exploring this place.
 F = Levels seen in this place.
 G = Mean time per level.
                   A        B        C        D        E       F      G
               +--------+--------+--------+--------+--------+-----+--------+
         Total |   2164 |   2068 |     96 |      0 |   1643 |   4 |  541.0 |
       Dungeon |   2164 |   2068 |     96 |      0 |   1643 |   4 |  541.0 |
               +--------+--------+--------+--------+--------+-----+--------+

Top non-repeatable levels by time:
     D:3: 647 daAuts
     D:1: 644 daAuts
     D:2: 626 daAuts
     D:4: 245 daAuts
